 Dungeon Crawl Stone Soup version 0.28-a0-43-g560ac104fe (webtiles) character file.

Game seed: 1302114857244362415

415 bande the Covered (level 6, -2/38 HPs)
             Began as a Gargoyle Fighter on July 28, 2021.
             Was an Initiate of Okawaru.
             Slain by a water moccasin (3 damage)
             ... on level 5 of the Dungeon.
             The game lasted 00:07:01 (5179 turns).

bande the Covered (Gargoyle Fighter)                Turns: 5179, Time: 00:07:01

Health: -2/38      AC: 12    Str: 21    XL:     6   Next: 92%
Magic:  7/7        EV:  8    Int:  8    God:    Okawaru [......]
Gold:   141        SH:  9    Dex: 10    Spells: 5/5 levels left

rFire   . . .      SeeInvis .   a - +0 war axe
rCold   . . .      Faith    .   c - +0 kite shield
rNeg    + . .      Spirit   .   b - +0 scale mail
rPois   ∞          Reflect  .   g - +0 helmet
rElec   +          Harm     .   (no cloak)
rCorr   .          Rampage  .   (no gloves)
Will    .....                   (no boots)
Stlth   ..........              (no amulet)
HPRegen 0.12/turn               (no ring)
MPRegen 0.10/turn               (no ring)

@: no status effects
A: sickness immunity, AC +4, negative energy resistance 1, electricity
resistance, torment resistance 1, petrification resistance
a: Renounce Religion


You were on level 5 of the Dungeon.
You worshipped Okawaru.
Okawaru was noncommittal.
You visited 2 branches of the dungeon, and saw 6 of its levels.

You collected 141 gold pieces.

Inventory:

Hand Weapons
 a - a +0 war axe (weapon)
 n - a +1 flail of holy wrath
Armour
 b - a +0 scale mail (worn)
 c - a +0 kite shield (worn)
 g - a +0 helmet (worn)
Jewellery
 m - a ring of fire
Scrolls
 e - 3 scrolls of teleportation
 k - a scroll of fog
 l - a scroll of identify
Potions
 d - 2 potions of might
 f - a potion of resistance
 h - a potion of haste
 i - a potion of attraction {unknown}


   Skills:
 + Level 4.2 Fighting
 + Level 4.1 Axes
 + Level 4.7 Armour
 + Level 1.0 Dodging
 + Level 4.4 Shields
 * Level 1.5 Invocations


You had 5 spell levels left.
You didn't know any spells.
Your spell library contained the following spells:

 Spells                   Type           Power      Damage    Failure   Level
 Fulminant Prism          Conj/Hex       0%         3d6       100%        4
 Iskenderun's Mystic Bla  Conj/Tloc      0%         2d3       100%        4
 Lee's Rapid Deconstruct  Erth           0%         3d5*      100%        5


Dungeon Overview and Level Annotations

Branches:
Dungeon (5/15)             Temple (1/1) D:4

Altars:
Cheibriados
Dithmenos
Elyvilon
Fedhas
Gozag
Hepliaklqana
Kikubaaqudgha
Makhleb
Nemelex Xobeh
Okawaru
Qazlal
Ru
Vehumet
Wu Jian
Zin
The Shining One


Innate Abilities, Weirdness & Mutations

You are immune to sickness and miasma.
Your stone body is resilient. (AC +4)
You are immune to poison.
You resist negative energy. (rN+)
You are resistant to electric shocks. (rElec)
You are resistant to unholy torment.
You are immune to petrification.


Message History

You block the water moccasin's attack. The water moccasin closely misses you.
You miss the water moccasin.
The water moccasin is lightly wounded.
The water moccasin bites you but does no damage.
You block the water moccasin's attack.
You hit the water moccasin.
The water moccasin is moderately wounded.
You block the water moccasin's attack. The water moccasin bites you.
* * * LOW HITPOINT WARNING * * *
You slash the water moccasin!
The water moccasin is heavily wounded.
The water moccasin bites you but does no damage.
The water moccasin bites you!
* * * LOW HITPOINT WARNING * * *
You slash the water moccasin!
The water moccasin is almost dead.
You block the water moccasin's attack. x2
You miss the water moccasin.
The water moccasin is almost dead.
The water moccasin barely misses you. You block the water moccasin's attack.
You closely miss the water moccasin.
The water moccasin is almost dead.
The water moccasin bites you.
* * * LOW HITPOINT WARNING * * *
You block the water moccasin's attack.
You closely miss the water moccasin.
The water moccasin is almost dead.
The water moccasin bites you but does no damage.
You block the water moccasin's attack. x2
You hit the water moccasin but do no damage.
The water moccasin is severely wounded.
You block the water moccasin's attack.
You barely miss the water moccasin.
The water moccasin is severely wounded.
You block the water moccasin's attack.
The water moccasin bites you but does no damage. x2
You miss the water moccasin.
The water moccasin is severely wounded.
The water moccasin barely misses you. The water moccasin bites you.
You die...

#### ...#
#..# ## #..#.
## #S.####.##
#@.##...##
##.......####
#..#.........
#..##.....###
#..#
##...#####
#..#
#.........
...#
#...#####.
#### ###.###
#.#.#


You could see a water moccasin.

Vanquished Creatures
  A bullfrog (D:5)
  A scorpion (D:4)
  A gnoll shaman (D:3)
  An iguana (D:4)
  A scorpion zombie (D:5)
  Robin (D:2)
  8 gnolls
  4 adders
  A howler monkey skeleton (D:4)
  3 dart slugs
  An orc (D:3)
  8 ball pythons
  8 endoplasms
  2 giant cockroaches
  5 hobgoblins
  4 jackals (D:1)
  6 kobolds
  3 quokkas
  2 bats
  3 frilled lizards
  12 goblins
  6 rats
82 creatures vanquished.

Vanquished Creatures (others)
  An ogre (D:5)
  3 iguanas (D:5)
  2 adders (D:5)
  A white imp (D:5)
  2 orcs (D:5)
  A fungus (D:3)
10 creatures vanquished.

Grand Total: 92 creatures vanquished

Notes
Turn   | Place    | Note
-------+----------+-------------------------------------------
     0 | D:1      | bande the Gargoyle Fighter began the quest for the Orb.
     0 | D:1      | Reached XP level 1. HP: 14/14 MP: 1/1
    52 | D:1      | Reached XP level 2. HP: 19/19 MP: 2/2
   918 | D:1      | Reached XP level 3. HP: 22/23 MP: 3/3
  1034 | D:2      | Noticed Robin
  1046 | D:2      | Killed Robin
  1519 | D:2      | Reached XP level 4. HP: 29/29 MP: 4/4
  2163 | D:3      | Found a faded altar of an unknown god.
  2434 | D:3      | Upgraded the game from 0.28-a0-32-g8dfe7f97f6 to
                  | 0.28-a0-43-g560ac104fe
  2818 | D:4      | Found a staircase to the Ecumenical Temple.
  2839 | Temple   | Entered the Ecumenical Temple
  3216 | D:4      | Noticed a scorpion
  3472 | D:4      | Killed a scorpion
  3473 | D:4      | Reached XP level 5. HP: 29/33 MP: 5/5
  3773 | D:4      | Found an iron altar of Okawaru.
  3773 | D:4      | Found a faded altar of an unknown god.
  3781 | D:4      | Found a stormy altar of Qazlal.
  3784 | D:4      | Became a worshipper of Warmaster Okawaru
  3788 | D:4      | Found a snail-covered altar of Cheibriados.
  3842 | D:4      | Found a radiant altar of Vehumet.
  4222 | D:3      | Reached XP level 6. HP: 16/38 MP: 6/6
  4642 | D:4      | Found a glowing silver altar of Zin.
  4664 | D:4      | Reached skill level 1 in Invocations
  4808 | D:4      | Found an ornate altar of the Wu Jian Council.
  5012 | D:5      | Entered Level 5 of the Dungeon
  5024 | D:5      | Reached skill level 1 in Dodging
  5155 | D:5      | Noticed a water moccasin
  5175 | D:5      | HP: 1/38 [water moccasin (2)]
  5179 | D:5      | Slain by a water moccasin

Illustrated notes

Levels and vault maps discovered:
D:1:      lightli_arrival_flooded_house, layout_rooms
D:2:      wander_river, layout_loops_ring, uniq_robin
D:3:      layout_loops_ring, shapermc_ecumenical_altar_hornbeckon
D:4:      layout_loops_corners, general_overflow_altar,
          mainiacjoe_overflow_small_starburst,
          chequers_temple_overflow_minitemple, temple_statues
D:5:      minmay_diamond_boxcup, layout_loops_ring, xom_confusion_cloud,
          evilmike_ruin_ashenzari
Temple:   jpeg_temple_alley_garden

Skill      XL: |  1  2  3  4  5  6 |
---------------+-------------------+-----
Axes           | 2 3 4 |  4.1
Shields        | 4 |  4.4
Armour         | 4 |  4.7
Fighting       | 4 |  4.2
Invocations    | 1 |  1.5
Dodging        | 1 |  1.0

Action                   |  1- 3 |  4- 6 || total
-------------------------+-------+-------++-------
Melee: War axe           |   106 |   175 ||   281
  Use: Scroll            |     2 |     3 ||     5
       Potion            |       |     2 ||     2
Armor: Scale mail        |    81 |    83 ||   164
Dodge: Dodged            |    29 |    55 ||    84
Block: Kite shield       |    63 |   118 ||   181

Table legend: (Time is in decaauts)
 A = Elapsed time spent in this place.
 B = Non-inter-level travel time spent in this place.
 C = Inter-level travel time spent in this place.
 D = Time resting spent in this place.
 E = Time spent auto-exploring this place.
 F = Levels seen in this place.
 G = Mean time per level.
                   A        B        C        D        E       F      G
               +--------+--------+--------+--------+--------+-----+--------+
         Total |   5355 |   5313 |     42 |   1074 |   3350 |   6 |  892.5 |
       Dungeon |   4778 |   4778 |      0 |    827 |   3105 |   5 |  955.6 |
        Temple |    577 |    535 |     42 |    247 |    245 |   1 |  577.0 |
               +--------+--------+--------+--------+--------+-----+--------+

Top non-repeatable levels by time:
     D:4: 1394 daAuts
     D:3: 1222 daAuts
     D:1: 1032 daAuts
     D:2: 947 daAuts
  Temple: 577 daAuts
     D:5: 181 daAuts
